 Dungeon Crawl Stone Soup version 0.29.1-1-gd02db6906a (webtiles) character file.

Game seed: 7033634485283536799

3278 Zeld the Cleaver (level 9, -1/81 HPs)
             Began as a Minotaur Fighter on Oct 15, 2022.
             Was a Priest of Okawaru.
             Slain by a seven-headed hydra (12 damage)
             ... on level 7 of the Dungeon.
             The game lasted 00:08:30 (6749 turns).

Zeld the Cleaver (Minotaur Fighter)                 Turns: 6749, Time: 00:08:30

Health: -1/81      AC:  8    Str: 25    XL:     9   Next: 69%
Magic:  8/8        EV:  9    Int:  5    God:    Okawaru [***...]
Gold:   151        SH:  5    Dex: 10    Spells: 8/8 levels left

rFire   . . .      SeeInvis .   a - +2 war axe (vorpal)
rCold   . . .      Faith    .   c - +0 buckler
rNeg    . . .      Spirit   .   b - +0 scale mail
rPois   .          Reflect  .   (helmet restricted)
rElec   .          Harm     .   (no cloak)
rCorr   .          Rampage  .   q - +1 pair of gloves
Will    .....                   m - +1 pair of boots
Stlth   ..........              g - amulet of regeneration
HPRegen 1.03/turn               B - ring of flight
MPRegen 0.11/turn               (no ring)

@: corroded, flying, slowed, very slow
A: horns 2, retaliatory headbutt
a: Renounce Religion, Heroism


You were on level 7 of the Dungeon.
You worshipped Okawaru.
Okawaru was most pleased with you.
You visited 2 branches of the dungeon, and saw 8 of its levels.

You collected 289 gold pieces.
You spent 138 gold pieces at shops.

Inventory:

Hand Weapons
 a - a +2 vorpal war axe (weapon)
Armour
 b - a +0 scale mail (worn)
 c - a +0 buckler (worn)
 m - a +1 pair of boots (worn)
 q - a +1 pair of gloves (worn)
Jewellery
 g - an amulet of regeneration (around neck)
 B - a ring of flight (left hand)
Scrolls
 d - a scroll of noise {unknown}
 e - 7 scrolls of teleportation {unknown}
 h - 8 scrolls of identify {unknown}
 i - 2 scrolls of vulnerability {unknown}
 k - a scroll of immolation {unknown}
 n - 3 scrolls of blinking {unknown}
 p - 5 scrolls of magic mapping {unknown}
 r - a scroll of butterflies {unknown}
 u - 2 scrolls of amnesia {unknown}
 w - 3 scrolls of enchant armour {unknown}
 y - 2 scrolls of enchant weapon {unknown}
Potions
 f - 2 potions of berserk rage {unknown}
 j - 3 potions of flight {unknown}
 l - a potion of heal wounds {unknown}
 o - 2 potions of curing
 s - 2 potions of haste {unknown}
 t - a potion of attraction {unknown}
 v - a potion of degeneration {unknown}
 x - a potion of might
 z - 3 potions of lignification {unknown}
 A - a potion of invisibility {unknown}
 C - 2 potions of mutation {unknown}


   Skills:
 + Level 8.2 Fighting
 * Level 10.7 Axes
 + Level 8.2 Armour
 + Level 8.2 Shields


You had 8 spell levels left.
You didn't know any spells.
Your spell library was empty.

Dungeon Overview and Level Annotations

Branches:
Dungeon (7/15)             Temple (1/1) D:5

Altars:
Ashenzari
Cheibriados
Dithmenos
Elyvilon
Fedhas
Gozag
Hepliaklqana
Kikubaaqudgha
Makhleb
Nemelex Xobeh
Okawaru
Qazlal
Ru
Sif Muna
Trog
Uskayaw
Vehumet
Wu Jian
Xom
Yredelemnul
Zin
The Shining One

Shops:
D:6 [


Innate Abilities, Weirdness & Mutations

You have a pair of horns on your head.
You reflexively headbutt those who attack you in melee.


Message History

The acid dragon is moderately wounded.
The acid dragon bites you but does no damage.
The acid dragon claws you.
You hit the acid dragon.
The acid dragon is heavily wounded.
A seven-headed hydra comes into view.
The acid dragon closely misses you. You furiously retaliate!
You headbutt the acid dragon!
The acid dragon claws you but does no damage.
You slash the acid dragon!
You kill the acid dragon!
Okawaru accepts your kill.
An orc wizard comes into view. It is wielding a +0 hand axe.
The orc wizard shouts!
The wraith hits you but does no damage. The wraith attacks as you move away!
You block the wraith's attack.
The bullfrog gives a loud, deep croak!
You barely miss the wraith. You headbutt the wraith.
The wraith is lightly damaged.
The wraith hits you.
You slash the wraith!
The wraith is severely damaged.
The wraith hits you! The wraith drains your vigour!
You feel yourself slow down. The wraith hits you but does no damage.
You block the bullfrog's attack. The seven-headed hydra bites you!
The seven-headed hydra closely misses you.
The seven-headed hydra bites you but does no damage.
The seven-headed hydra bites you!
The seven-headed hydra bites you but does no damage.
The seven-headed hydra bites you. The seven-headed hydra bites you!
* * * LOW HITPOINT WARNING * * *
You block the orc wizard's attack. The wraith hits you but does no damage.
The bullfrog hits you but does no damage.
The bullfrog attacks as you move away! The bullfrog barely misses you.
The seven-headed hydra bites you!
* * * LOW HITPOINT WARNING * * *
The seven-headed hydra bites you but does no damage.
The seven-headed hydra bites you!
You die...

#.....###.###..##
#....##.#.#.##..#
#...##.#.#.#.##..
#..##.#.#.#.#.##.
#..#.#.#.#.#.#.#.
#..##.#.#.#.#.###
#....#.#.#.#.#..#
#.####oW##.#.#.#.#.#..
#....@F.#.#.#.#.#.#...
######D†##.#.#.#.#.#..
#...##.#.#.#.##..
#....##.#.#.####.
......###.....###
#........##.....##
#.......##.#...#.#
#......## #.## ##


You could see a seven-headed hydra, a wraith, a bullfrog and an orc wizard.

Vanquished Creatures
  A manticore (D:7)
  Eustachio (D:4)
  A steam dragon (D:7)
  An acid dragon (D:7)
  2 water moccasins
  4 ice beasts
  2 ogres (D:6)
  2 centaurs (D:7)
  3 phantoms
  2 necrophages (D:5)
  3 scorpions
  A bullfrog (D:7)
  A gnoll sergeant (D:7)
  3 wights (D:6)
  4 jellies
  4 hounds
  2 orc priests
  2 gnoll boudas
  3 iguanas
  An orc wizard (D:6)
  17 gnolls
  8 adders
  2 white imps
  A worm (D:2)
  3 dart slugs
  22 orcs
  11 ball pythons
  3 endoplasms
  A giant cockroach (D:2)
  5 goblins
  2 hobgoblins
  3 jackals (D:2)
  7 kobolds
  5 quokkas
  4 bats
  3 frilled lizards
  8 rats
148 creatures vanquished.

Notes
Turn   | Place    | Note
-------+----------+-------------------------------------------
     0 | D:1      | Zeld the Minotaur Fighter began the quest for the Orb.
     0 | D:1      | Reached XP level 1. HP: 19/19 MP: 0/0
    35 | D:1      | Found a faded altar of an unknown god.
   239 | D:1      | Reached XP level 2. HP: 27/27 MP: 1/1
   431 | D:1      | Reached skill level 3 in Axes
   876 | D:2      | Reached XP level 3. HP: 33/33 MP: 2/2
  1733 | D:4      | Reached XP level 4. HP: 40/40 MP: 3/3
  1743 | D:4      | Noticed a phantom
  1754 | D:4      | Killed a phantom
  1755 | D:4      | Reached skill level 4 in Axes
  1755 | D:4      | Reached XP level 5. HP: 47/47 MP: 4/4
  1781 | D:4      | Noticed Eustachio
  1893 | D:4      | Killed Eustachio
  1894 | D:4      | Reached skill level 5 in Axes
  1894 | D:4      | Reached XP level 6. HP: 10/55 MP: 5/5
  2083 | D:4      | Found a white marble altar of Elyvilon.
  2297 | D:4      | Reached skill level 5 in Fighting
  2297 | D:4      | Reached skill level 5 in Armour
  2297 | D:4      | Reached skill level 5 in Shields
  2335 | D:5      | Entered Level 5 of the Dungeon
  2584 | D:5      | Found a staircase to the Ecumenical Temple.
  2584 | D:5      | Noticed an ice beast
  2600 | Temple   | Entered the Ecumenical Temple
  2683 | Temple   | Became a worshipper of Warmaster Okawaru
  2796 | D:5      | Killed an ice beast
  2808 | D:5      | Reached skill level 6 in Axes
  2808 | D:5      | Reached XP level 7. HP: 60/61 MP: 6/6
  3952 | D:4      | Found an ornate altar of the Wu Jian Council.
  4097 | D:4      | Found a sacrificial altar of Ru.
  4253 | D:5      | Reached * piety under Okawaru
  4284 | D:5      | Reached skill level 7 in Axes
  5011 | D:6      | Reached XP level 8. HP: 70/70 MP: 7/7
  5065 | D:6      | Found a burning altar of Makhleb.
  5101 | D:6      | Reached skill level 8 in Axes
  5165 | D:6      | Reached ** piety under Okawaru
  5236 | D:6      | Found Weoro's Armour Boutique.
  5244 | D:6      | Bought a +1 pair of gloves for 138 gold pieces
  5830 | D:6      | Reached skill level 9 in Axes
  6036 | D:7      | Reached XP level 9. HP: 79/79 MP: 8/8
  6167 | D:7      | Reached *** piety under Okawaru
  6329 | D:7      | Noticed a manticore
  6338 | D:7      | Killed a manticore
  6339 | D:7      | Reached skill level 10 in Axes
  6480 | D:7      | Noticed a boulder beetle
  6481 | D:7      | Noticed a seven-headed hydra
  6742 | D:7      | Noticed a seven-headed hydra
  6749 | D:7      | Slain by a seven-headed hydra

Illustrated notes

Levels and vault maps discovered:
D:1:      nicolae_arrival_memento_mori, layout_basic,
          shapermc_ecumenical_altar_venn, minmay_tetromino_i2
D:2:      layout_loops_corners
D:3:      layout_basic
D:4:      layout_cave_pods, mainiacjoe_overflow_big_doors,
          nzn_wu_jian_contemplation, serial_glass, glass_columns_b,
          glass_columns_c, glass_columns_a, glass_columns_a, glass_columns_c,
          glass_columns_a, reono_crystal_passage, uniq_eustachio
D:5:      layout_loops_ring, minmay_temple_entry_slanted
D:6:      layout_basic, makhleb_heckhound_becter, serial_shops, shop
D:7:      minmay_the_grid_octo_triangle [minmay_the_grid_octo_checkered,
          minmay_the_grid_octo_prize_ultimate_mussel_roller,
          minmay_the_grid_octo_chip], layout_basic, hangedman_decor_slide_cut
Temple:   regret_index_temple_mists

Skill      XL: |  1  2  3  4  5  6  7  8  9 |
---------------+----------------------------+-----
Axes           | 3 4 5 6 7 9 10 | 10.7
Armour         | 4 5 6 7 8 |  8.2
Shields        | 4 5 6 7 8 |  8.2
Fighting       | 4 5 6 7 8 |  8.2

Action                   |  1- 3 |  4- 6 |  7- 9 || total
-------------------------+-------+-------+-------++-------
Melee: War axe           |    91 |   135 |   234 ||   460
       Headbutt          |    12 |    15 |    53 ||    80
  Use: Potion            |       |     1 |     1 ||     2
Armor: Scale mail        |    42 |   128 |   112 ||   282
Dodge: Dodged            |    50 |   106 |   105 ||   261
Block: Buckler           |    20 |    53 |    52 ||   125
